 Dungeon Crawl Stone Soup version 0.30-a0-772-g5528072125 (webtiles) character file.

Game seed: 963339601999466421

2 Crownlay the Digger (level 1, 0/10 HPs)
             Began as a Gargoyle Earth Elementalist on Feb 12, 2023.
             Slain by a jackal (3 damage)
             ... on level 1 of the Dungeon.
             The game lasted 00:00:22 (79 turns).

Crownlay the Digger (Gargoyle Earth Elementalist)     Turns: 79, Time: 00:00:23

Health: 0/10       AC:  4    Str: 11    XL:     1   Next: 40%
Magic:  1/3        EV: 11    Int: 15    God:
Gold:   0          SH:  0    Dex: 10    Spells: 3/4 levels left

rFire   . . .      SeeInvis .    (no weapon)
rCold   . . .      Faith    .    (no shield)
rNeg    + . .      Spirit   .    a - +0 robe
rPois   ∞          Reflect  .    (no helmet)
rElec   +          Harm     .    (no cloak)
rCorr   .          Rampage  .    (no gloves)
Will    .....                    (no boots)
Stlth   ++                       (no amulet)
HPRegen 0.21/turn                (no ring)
MPRegen 0.08/turn                (no ring)

@: no status effects
A: sickness immunity, AC +2, negative energy resistance 1, electricity
resistance, torment resistance 1, petrification resistance
a: no special abilities


You were on level 1 of the Dungeon.
You visited 1 branch of the dungeon, and saw 1 of its levels.

Inventory:

Armour
 a - a +0 robe (worn)
Scrolls
 c - a scroll of identify {unknown}
Potions
 b - a potion of magic


   Skills:
 - Level 1.5 Dodging
 - Level 2.1 Stealth
 * Level 2.1 Spellcasting
 - Level 0.7 Transmutations
 + Level 3.7 Earth Magic


You had 3 spell levels left.
You knew the following spells:

 Your Spells              Type           Power      Damage    Failure   Level
a - Sandblast             Erth           24%        2d8       4%          1

Your spell library contained the following spells:

 Spells                   Type           Power      Damage    Failure   Level
 Passwall                 Tmut/Erth      6%         N/A       13%         2
 Stone Arrow              Conj/Erth      14%        3d7       30%         3
 Petrify                  Tmut/Erth      8%         N/A       65%         4


Dungeon Overview and Level Annotations

Branches:
Dungeon (1/15)

Altars:


Innate Abilities, Weirdness & Mutations

You are immune to sickness and miasma.
Your stone body is resilient. (AC +2)
You are immune to poison.
You resist negative energy. (rN+)
You are resistant to electric shocks. (rElec)
You are resistant to unholy torment.
You are immune to petrification.


Message History

The blast of sand misses the bat.
The bat hits you but does no damage. The bat barely misses you.
The blast of sand hits the bat!
You kill the bat!
You can't see any susceptible monsters within range! (Use Z to cast anyway.)
c - a scroll labelled RUTUCU ZERARO
Found 5 stones.
A jackal and a goblin come into view.
Found a whip.
The jackal barks!
The goblin shouts!
You hear a bark!
A quokka comes into view.
There are monsters nearby!
A jackal comes into view.
The jackal barks!
A jackal comes into view.
An endoplasm comes into view.
Found a lumpy red potion.
The jackal barks!
A jackal comes into view.
The endoplasm moves out of view.
The blast of sand misses the jackal. x2; The jackal bites you.
The jackal barely misses you. The goblin closely misses you.
The blast of sand hits the jackal.
You kill the jackal!
The jackal bites you but does no damage.
The quokka bites you. The goblin closely misses you.
The jackal closely misses you. The quokka barely misses you.
You are too injured to fight recklessly!
The jackal attacks as you move away! The jackal barely misses you.
The quokka attacks as you move away!
The quokka bites you but does no damage.
The jackal barely misses you.
The jackal bites you but does no damage.
Unknown command.
The jackal attacks as you move away! The jackal barely misses you.
The quokka barely misses you. The jackal attacks as you move away!
The jackal bites you.
* * * LOW HITPOINT WARNING * * *
The jackal bites you.
You die...

#......# ##.....##
#......# #.....#
###.#### #.....#
#.# #.....# #.##
#....(# ###...####
#.....#
..)#.....###.†...#
.........h#......#
!........rh@.....#
.........gh#.#####
...........#.#
.............#
.....(.........
................
...#.......#####
#####.##..## ..
..#


You could see a quokka, 3 jackals and a goblin.

Vanquished Creatures
  A jackal (D:1)
  2 bats (D:1)
3 creatures vanquished.

Notes
Turn   | Place    | Note
-------+----------+-------------------------------------------
     0 | D:1      | Crownlay the Gargoyle Earth Elementalist began the quest
                  | for the Orb.
     0 | D:1      | Reached XP level 1. HP: 10/10 MP: 3/3
    79 | D:1      | Slain by a jackal

Illustrated notes

Levels and vault maps discovered:
D:1:      nicolae_arrival_memento_mori, layout_rooms

Action                     || total
---------------------------++-------
   Cast: Sandblast         ||     5
 Armour: Robe              ||     4
  Dodge: Dodged            ||    11

Table legend: (Time is in decaauts)
 A = Elapsed time spent in this place.
 B = Non-inter-level travel time spent in this place.
 C = Inter-level travel time spent in this place.
 D = Time resting spent in this place.
 E = Time spent auto-exploring this place.
 F = Levels seen in this place.
 G = Mean time per level.
                   A        B        C        D        E       F      G
               +--------+--------+--------+--------+--------+-----+--------+
         Total |     81 |     81 |      0 |      0 |     56 |   1 |   81.0 |
       Dungeon |     81 |     81 |      0 |      0 |     56 |   1 |   81.0 |
               +--------+--------+--------+--------+--------+-----+--------+

Top non-repeatable levels by time:
     D:1: 81 daAuts
